 Dungeon Crawl Stone Soup version 0.24-a0-164-g56e1b8f (console) character file.

Game seed: 97158398197762932

39 Duffy the Chopper (level 3, -3/32 HPs)
             Began as a Naga Gladiator on Mar 6, 2019.
             Slain by a leopard gecko (4 damage)
             ... on level 1 of the Dungeon.
             The game lasted 00:00:54 (1226 turns).

Duffy the Chopper (Naga Gladiator)                  Turns: 1226, Time: 00:00:54

Health: -3/32      AC:  3    Str: 16    XL:     3   Next: 47%
Magic:  3/3        EV: 10    Int:  9    God:
Gold:   15         SH:  0    Dex: 12    Spells: 2/2 levels left

rFire    . . .     SeeInvis +   a - +0 war axe
rCold    . . .     Gourm    .   (no shield)
rNeg     . . .     Faith    .   b - +0 leather armour
rPois    +         Spirit   .   c - +0 helmet
rElec    .         Reflect  .   (no cloak)
rCorr    .         Harm     .   (no gloves)
MR       .....                  (no barding)
Stlth    +.........             (no amulet)
HPRegen  0.10/turn              (no ring)
MPRegen  0.08/turn              (no ring)

@: very slow
A: large, see invisible, deformed body, poison resistance, slowness 2, slow
metabolism 1, spit poison 1, AC +1
a: Spit Poison


You were on level 1 of the Dungeon.
You were not hungry.

You visited 1 branch of the dungeon, and saw 2 of its levels.

You collected 15 gold pieces.

Inventory:

Hand Weapons
 a - a +0 war axe (weapon)
Missiles
 d - 3 throwing nets (quivered)
Armour
 b - a +0 leather armour (worn)
 c - a +0 helmet (worn)
 g - a +1 hat
Scrolls
 e - a scroll of blinking {unknown}
 i - a scroll of enchant weapon {unknown}
 k - a scroll of magic mapping {unknown}
Potions
 h - a potion of berserk rage {unknown}
 j - a potion of invisibility {unknown}
Comestibles
 f - 5 rations


   Skills:
 - Level 2.0 Fighting
 + Level 4.4 Axes
 - Level 1.7 Throwing
 - Level 2.4 Dodging


You had 2 spell levels left.
You didn't know any spells.
Your spell library was empty.

Dungeon Overview and Level Annotations

Branches:
Dungeon (2/15)

Altars:


Innate Abilities, Weirdness & Mutations

You cannot wear boots.
Your serpentine skin is tough. (AC +1)
You have supernaturally acute eyesight. (SInv)
Armour fits poorly on your strangely shaped body.
Your system is resistant to poisons. (rPois)
You cover ground very slowly.
You have a slow metabolism.
You can spit poison.


Message History

The hobgoblin barely misses you. The leopard gecko bites you.
The hobgoblin closely misses you. The leopard gecko closely misses you.
Press: ? - help, Shift-Dir - straight line, f - hobgoblin
Aim: a hobgoblin (almost dead)
The splash of poison hits the hobgoblin but does no damage.
The hobgoblin is poisoned.
The hobgoblin is almost dead.
You feel slightly more hungry.
You kill the hobgoblin!
The leopard gecko bites you. The rat barely misses you.
The leopard gecko closely misses you.
You climb upwards.
There is a stone staircase leading down here.
You closely miss the leopard gecko. You hit the rat.
You kill the rat!
You have got your breath back.
The leopard gecko bites you.
You miss the leopard gecko. The leopard gecko barely misses you.
The leopard gecko bites you.
You die...

#.......#..#..#..#......# ###.#
#.........##..#..##.....## #.#
#......##.#..###..##..#..## ###.##
#......#..#.#####.#...##..####....#
#......#.##.#...#.##........).....#
##.....%.#.##...##.#.#.##.#..######
#.........##.....##.##......##
#...................###.#...###
##...[..#........@......###...#####
.(..............l.......###.[......
.....#..............#..............
(.....#............#####...........
...................# ####........
......###..........# #........
......# ############ #........
......# #........ .....## #########


You could see a leopard gecko.

Vanquished Creatures
  An ooze (D:1)
  A giant cockroach (D:1)
  3 goblins
  6 hobgoblins
  8 jackals
  4 bats (D:1)
  4 kobolds (D:1)
  5 rats (D:1)
32 creatures vanquished.

Notes
Turn   | Place    | Note
-------+----------+-------------------------------------------
     0 | D:1      | Duffy the Naga Gladiator began the quest for the Orb.
     0 | D:1      | Reached XP level 1. HP: 19/19 MP: 1/1
   173 | D:1      | Reached XP level 2. HP: 23/26 MP: 2/2
   585 | D:1      | Reached skill level 4 in Axes
   601 | D:1      | Reached XP level 3. HP: 6/32 MP: 3/3
  1225 | D:1      | HP: 1/32 [leopard gecko (3)]
  1226 | D:1      | Slain by a leopard gecko

Levels and vault maps discovered:
D:1:      dpeg_arrival_simpleton_a, layout_rooms, minmay_cupped
D:2:      layout_rooms

Skill      XL: |  1  2 |
---------------+-------+-----
Axes           | 4 |  4.4
Fighting       | |  2.0
Throwing       | |  1.7
Dodging        | |  2.4

Action                   || total
-------------------------++-------
Melee: War axe           ||    62
 Abil: Spit Poison       ||     3
Armor: Leather armour    ||    26
Dodge: Dodged            ||    56

Table legend:
 A = Non-vault XP
 B = Vault XP
 C = Vault XP percentage of total XP
 D = Non-vault monster count
 E = Vault monster count
 F = Vault count percentage of total count
                 A         B        C        D         E       F
            +---------+---------+-------+---------+---------+-------
      Total |      50 |       7 |  12.3 |      28 |       4 |  12.5
            +---------+---------+-------+---------+---------+-------
        D:1 |      38 |       7 |  15.6 |      22 |       4 |  15.4
        D:2 |      12 |       0 |   0.0 |       6 |       0 |   0.0
            +---------+---------+-------+---------+---------+-------
